 Dungeon Crawl Stone Soup version 0.29-a0-643-ga013cefcf8 (webtiles) character file.

Game seed: 1764184711532017628

85 zeratav the Sneak (level 4, -1/26 HPs)
             Began as a Kobold Gladiator on June 20, 2022.
             Slain by a gnoll
             ... wielding a +0 whip
              (6 damage)
             ... on level 2 of the Dungeon.
             The game lasted 00:03:12 (1455 turns).

zeratav the Sneak (Kobold Gladiator)                Turns: 1455, Time: 00:03:12

Health: -1/26      AC:  4    Str: 11    XL:     4   Next: 75%
Magic:  4/4        EV: 19    Int:  9    God:
Gold:   40         SH:  0    Dex: 18    Spells: 3/3 levels left

rFire   . . .      SeeInvis .   a - +0 rapier {short}
rCold   . . .      Faith    .   (no shield)
rNeg    . . .      Spirit   .   b - +0 leather armour
rPois   .          Reflect  .   c - +0 helmet
rElec   .          Harm     .   (no cloak)
rCorr   +          Rampage  .   (no gloves)
Will    .....                   (no boots)
Stlth   ++++......              (no amulet)
HPRegen 0.08/turn               n - ring of resist corrosion
MPRegen 0.09/turn               r - +4 ring of evasion

@: no status effects
A: small, no large weapons, nightstalker 3
a: no special abilities


You were on level 2 of the Dungeon.
You visited 1 branch of the dungeon, and saw 2 of its levels.

You collected 40 gold pieces.


Innate Abilities, Weirdness & Mutations

You are small and have problems with some larger weapons.
You are completely attuned to the shadows.


   Skills:
 - Level 2.1 Fighting
 + Level 4.8 Short Blades
 - Level 2.1 Throwing
 - Level 3.6 Dodging
 - Level 5.0 Stealth


You had 3 spell levels left.
You didn't know any spells.
Your spell library was empty.

Inventory:

Hand Weapons
 a - a +0 rapier (weapon) {short}
Missiles
 d - 3 throwing nets (quivered) {=fthrowing}
 e - 2 boomerangs {throwing}
Armour
 b - a +0 leather armour (worn)
 c - a +0 helmet (worn)
Jewellery
 n - a ring of resist corrosion (left hand)
   (You found it on level 2 of the Dungeon)
 r - a +4 ring of evasion (right hand)
   (You found it on level 2 of the Dungeon)
Scrolls
 f - 2 scrolls of torment {unknown}
 g - 2 scrolls of identify {@r1}
 h - a scroll of blinking {!r}
 l - a scroll of teleportation {unknown}
 o - a scroll of silence {unknown}
 q - a scroll of magic mapping {unknown}
 s - a scroll of vulnerability {unknown}
Potions
 i - a potion of magic {unknown}
 j - a potion of brilliance {unknown}
 k - a potion of mutation {unknown}
 m - a potion of cancellation {unknown}
 p - a potion of curing {unknown}

Dungeon Overview and Level Annotations

Branches:
Dungeon (2/15) Zot: 10544

Altars:

Shops:
D:1

( ..... ...# .g# #S#
......#)#
.........#.##########
#.........#.g.Sg@....#
#.........#######....##
........†#.....'......
#...........###....##
##.####.###.# #.....#
#.## #.###.# ##..†.#
###..###.##..####....##
#......................
#.##.###......###....##


You could see 2 gnolls and an adder.


Message History

You kill the adder!
No target in view!
Items here: ) †††.
n - a ring of resist corrosion
n - a ring of resist corrosion (left hand)
o - a scroll labelled ODIJAP LEATIRCH
p - an inky potion
q - a scroll labelled WACKAH RADALOGHAI A kobold comes into view.
It is wielding a +0 whip.
You puncture the kobold!
You kill the kobold!
No target in view!
No target in view!
No target in view!
No target in view!
No target in view!
No target in view!
No target in view!
No target in view!
No target in view!
No target in view!
You now have 29 gold pieces (gained 12).
r - a +4 ring of evasion
r - a +4 ring of evasion (right hand)
You now have 40 gold pieces (gained 11).
A rat comes into view.
You hit the rat.
You kill the rat!
No target in view!
No target in view!
No target in view!
No target in view!
No target in view!
No target in view!
No target in view!
No target in view!
No target in view!
No target in view!
No target in view!
No target in view!
No target in view!
You see here a +0 ring mail.
A hobgoblin comes into view.
The helpless hobgoblin fails to defend itself.
You impale the hobgoblin!!
You kill the hobgoblin!
No target in view!
No target in view!
No target in view!
No target in view!
No target in view!
No target in view!
No target in view!
No target in view!
No target in view!
No target in view!
No target in view!
No target in view!
No target in view!
You open the door.
There is an open door here.
s - a scroll labelled NOLUMU BIAWAD
There is an open door here.
A gnoll comes into view. It is wielding a +0 flail.
A gnoll is nearby!
The gnoll shouts!
You hear a shout!
A gnoll comes into view. It is wielding a +0 club.
A gnoll comes into view. It is wielding a +0 whip.
You hit the gnoll. The gnoll misses you.
You hit the gnoll.
An adder comes into view.
The gnoll hits you with a +0 flail.
HP[-5]
You take 5 damage, and now have 21/26 hp.
The adder hisses angrily.
You hit the gnoll. The gnoll completely misses you.
You puncture the gnoll!
You kill the gnoll!
A gnoll comes into view. It is wielding a +0 spear.
You hit the gnoll but do no damage. The gnoll hits you with a +0 whip!
HP[-6]
You take 6 damage, and now have 15/26 hp.
MASSIVE DAMAGE!! (PAUSE)
You hit the gnoll but do no damage. The gnoll hits you with a +0 whip.
* * * LOW HITPOINT WARNING * * *
HP[-4]
You take 4 damage, and now have 11/26 hp.
You hit the gnoll. The gnoll misses you.
You closely miss the gnoll. The gnoll completely misses you.
You closely miss the gnoll. The gnoll hits you with a +0 whip.
* * * LOW HITPOINT WARNING * * *
HP[-6]
You take 6 damage, and now have 5/26 hp.
MASSIVE DAMAGE!! (PAUSE)
The gnoll attacks as you move away! The gnoll misses you.
As you read the scroll labelled GEYKAU OTZUI, it crumbles to dust.
It is a scroll of identify.
h - a scroll of blinking The gnoll hits you with a +0 whip.
You die...

Skill      XL: |  1  2  3  4 |
---------------+-------------+-----
Stealth        | 2 3 4 5 |  5.0
Fighting       | |  2.1
Short Blades   | |  4.8
Throwing       | |  2.1
Dodging        | |  3.6

Action                   |  1- 3 |  4- 6 || total
-------------------------+-------+-------++-------
Melee: Rapier            |    71 |    29 ||   100
  Use: Scroll            |       |     1 ||     1
 Stab: Sleeping          |    12 |     2 ||    14
Armor: Leather armour    |    14 |     6 ||    20
Dodge: Dodged            |    45 |    24 ||    69

Levels and vault maps discovered:
D:1:      psy_arrival_terrarium, layout_basic, serial_shops, shop,
          minmay_misc_feat_chi, st_stairs_5, minmay_misc_feat_columns,
          lemuel_another_geyser
D:2:      layout_basic, basic_altar, minmay_pentomino_pile

Notes
Turn   | Place    | Note
-------+----------+-------------------------------------------
     0 | D:1      | zeratav the Kobold Gladiator began the quest for the Orb.
     0 | D:1      | Reached XP level 1. HP: 12/12 MP: 1/1
     0 | D:1      | magus.rc [v1.9.6]
    30 | D:1      | Reached skill level 1 in Stealth
    91 | D:1      | Found Boturen's Antique Weapon Boutique.
   105 | D:1      | Reached skill level 2 in Stealth
   125 | D:1      | Reached XP level 2. HP: 17/17 MP: 2/2
   186 | D:1      | Reached skill level 3 in Stealth
   469 | D:1      | Reached XP level 3. HP: 21/21 MP: 3/3
   713 | D:1      | Reached skill level 4 in Stealth
  1215 | D:2      | Reached XP level 4. HP: 26/26 MP: 4/4
  1288 | D:2      | Reached skill level 5 in Stealth
  1449 | D:2      | HP: 5/26 [gnoll/+0 whip (6)]
  1455 | D:2      | Slain by a gnoll

Vanquished Creatures
  A gnoll (D:2)
  3 adders (D:2)
  7 bats
  6 endoplasms
  2 giant cockroaches
  6 goblins (D:1)
  A hobgoblin (D:2)
  7 kobolds
  2 quokkas
  3 ball pythons
  A frilled lizard (D:1)
  5 rats
44 creatures vanquished.

Table legend:
 A = Non-vault XP
 B = Vault XP
 C = Vault XP percentage of total XP
 D = Non-vault monster count
 E = Vault monster count
 F = Vault count percentage of total count
                 A         B        C        D         E       F
            +---------+---------+-------+---------+---------+-------
      Total |      85 |      37 |  30.3 |      35 |       9 |  20.5
            +---------+---------+-------+---------+---------+-------
        D:1 |      48 |       4 |   7.7 |      28 |       3 |   9.7
        D:2 |      37 |      33 |  47.1 |       7 |       6 |  46.2
            +---------+---------+-------+---------+---------+-------

Illustrated notes

Table legend:
 A = Kills in this place as a percentage of kills in entire the game.
 B = Kills by you in this place as a percentage of kills by you in the entire game.
 C = Kills by friends in this place as a percentage of kills by friends in the entire game.
 D = Other kills in this place as a percentage of other kills in the entire game.
 E = Experience gained in this place as a percentage of experience gained in the entire game.
 F = Experience gained in this place divided by the number of levels of this place that you have seen.
                   A       B       C       D       E      F
               +-------+-------+-------+-------+-------+----------------------
         Total | 100.0 | 100.0 |   N/A |   N/A | 100.0 |  61.0
       Dungeon | 100.0 | 100.0 |   N/A |   N/A | 100.0 |  61.0
               +-------+-------+-------+-------+-------+----------------------

Table legend: (Time is in decaauts)
 A = Elapsed time spent in this place.
 B = Non-inter-level travel time spent in this place.
 C = Inter-level travel time spent in this place.
 D = Time resting spent in this place.
 E = Time spent auto-exploring this place.
 F = Levels seen in this place.
 G = Mean time per level.
                   A        B        C        D        E       F      G
               +--------+--------+--------+--------+--------+-----+--------+
         Total |   1454 |   1396 |     58 |    149 |    970 |   2 |  727.0 |
       Dungeon |   1454 |   1396 |     58 |    149 |    970 |   2 |  727.0 |
               +--------+--------+--------+--------+--------+-----+--------+

Top non-repeatable levels by time:
     D:1: 1153 daAuts
     D:2: 300 daAuts
